 Dungeon Crawl Stone Soup version 0.30.0-29-ga12c61a403 (webtiles) character file.

Game seed: 491986237236847972

1750 croobank the Shooter (level 8, 0/69 HPs)
             Began as a Demigod Fire Elementalist on June 22, 2023.
             Succumbed to a water moccasin's poison
             ... on level 5 of the Dungeon.
             The game lasted 00:28:16 (6475 turns).

croobank the Shooter (Demigod Fire Elementalist)    Turns: 6475, Time: 00:28:17

Health: 0/69       AC:  3    Str:  6 (9)  XL:     8   Next: 49%
Magic:  11/16      EV: 12    Int: 24 (25) God:
Gold:   331        SH:  0    Dex: 11 (14) Spells: 8/14 levels left

rFire   + . .        a - +1 dagger (speed)
rCold   . . .        (no shield)
rNeg    . . .        f - +0 robe
rPois   .            (no helmet)
rElec   .            v - +0 cloak
rCorr   .            (no gloves)
SInv    .            (no boots)
Will    .....        (no amulet)
Stlth   ++           (no ring)
HPRegen 0.31/turn    (no ring)
MPRegen 0.15/turn

%: no passive effects
@: lethally poisoned (0 -> -9), hasted, invisible, very quick
A: high MP 1, forlorn, divine attributes, fire resistance 1, robust 1
a: no special abilities


You were on level 5 of the Dungeon.
You visited 1 branch of the dungeon, and saw 7 of its levels.
You also visited: Sewer and Ossuary.

You collected 331 gold pieces.

Inventory:

Hand Weapons
 a - a +1 dagger of speed (weapon)
 b - a +5 sling
 c - a +2 dagger of venom
 d - a +1 war axe of electrocution
 k - a +0 short sword of holy wrath
 q - a +0 spear
 x - a +1 short sword of draining
Missiles
 e - 19 poisoned darts
 j - a curare-tipped dart (quivered)
Armour
 f - a +0 robe (worn)
 r - a +0 pair of gloves
 t - a +0 ring mail
 v - a +0 cloak (worn)
Magical Staves
 o - a staff of earth
 y - a staff of cold
Jewellery
 E - a ring of flight
Wands
 w - a wand of charming (8)
Scrolls
 g - a scroll of fog
 i - 2 scrolls of noise
 m - 2 scrolls of teleportation
 p - a scroll of magic mapping
 z - 2 scrolls of identify
Potions
 h - 2 potions of haste
 n - 5 potions of brilliance
 s - a potion of mutation
 u - 2 potions of flight
 C - a potion of invisibility
 D - 2 potions of attraction


   Skills:
 + Level 3.0 Fighting
 - Level 5.0 Ranged Weapons
 + Level 3.6 Dodging
 + Level 4.0 Stealth
 + Level 3.5 Spellcasting
 + Level 3.3 Conjurations
 + Level 3.0 Hexes
 + Level 4.4 Fire Magic


You had 8 spell levels left.
You knew the following spells:

 Your Spells              Type           Power      Damage    Failure   Level
a - Foxfire               Conj/Fire      88%        2x1d8     2%          1
b - Scorch                Fire           50%        2d7       2%          2
c - Inner Flame           Hex/Fire       22%        N/A       7%          3

Your spell library contained the following spells:

 Spells                   Type           Power      Damage    Failure   Level
 Ensorcelled Hibernation  Hex/Ice        22%        N/A       9%          2
 Volatile Blastmotes      Fire/Tloc      28%        2d12      13%         3
 Flame Wave               Conj/Fire      22%        2d8       22%         4
 Spider Form              Tmut/Pois      4%         N/A       30%         3
 Anguish                  Hex/Necr       5%         N/A       50%         4
 Malign Gateway           Summ/Tloc      2%         N/A       100%        7
 Summon Horrible Things   Summ           2%         N/A       100%        8


Dungeon Overview and Level Annotations

Branches:
Dungeon (7/15)              Sewer (visited)         Ossuary (visited)
 Temple: D:4-7

Annotations:
D:2 1 runed translucent door, Crazy Yiuf
D:3 2 transporters, cdecastro's ghost, amateur AtWr
D:7 1 transporter


Innate Abilities, Weirdness & Mutations

You have an increased reservoir of magic. (+10% MP)
You shall have no god before yourself.
Your divine heritage dramatically boosts your attributes as you level up.
Your flesh is heat resistant. (rF+)
You are robust. (+10% HP)


Message History

* * * LOW HITPOINT WARNING * * *
You are lethally poisoned!
The water moccasin poisons you!
Okay, then.
Aiming: Charm
Press: ? - help, Shift-Dir - straight line, f - water moccasin
Aim: a water moccasin (almost dead, chance to affect: 49%)
The water moccasin is charmed.
* * * LOW HITPOINT WARNING * * *
You feel very sick.
The black bear bites your water moccasin.
Your water moccasin dies!
Your Fighting skill increases to level 3!
Your Stealth skill increases to level 4!
Your Hexes skill increases to level 3!
It was a potion of degeneration.
There was something very wrong with that liquid.
You feel weakened.
You feel dopey.
You feel clumsy.
* * * LOW HITPOINT WARNING * * *
You feel sick.
Aiming: Charm
Press: ? - help, Shift-Dir - straight line, f - black bear
Aim: a black bear (heavily wounded, chance to affect: 49%)
The black bear is charmed.
* * * LOW HITPOINT WARNING * * *
You feel sick.
Okay, then.
What are your orders? t - Shout!
Orders for allies: a - Attack new target. p - Attack previous target. r - Retreat! s - Stop attacking. g - Guard the area. f - Follow me.
Anything else - Cancel.
Gang up on whom?
Press: ? - help, Dir - move target, f - jelly, p - black bear
Aim: a jelly
Okay, then.
It was a potion of invisibility.
You fade into invisibility!
You die...

##.########... ...##
##.### .# .... .....#
.####... ##.#.#
....##.. ...#.#
....##.. ##...#
.....##.# .#.#.#
#...S.##J#
(#.#.###......##h#####
(#...##.# #@....#
##.###.### ## #####.#
.........##.###### #.#
...###.#.#^###...###.#
#### ##...###.....##.#
#.....#.......#.#
#.....#.......#.#
#...............#
##...###.....####


You could see a jelly and a friendly black bear (charmed).

Vanquished Creatures
  2 water moccasins (D:7)
  A phantom (D:7)
  A kobold brigand (Sewer)
  5 elf zombies
  2 howler monkeys (D:7)
  A jelly (D:3)
  A quasit (D:6)
  A hound (D:5)
  2 centaur zombies (Ossuary)
  2 human skeletons (D:5)
  2 human zombies (Ossuary)
  An iguana (D:5)
  A sleepcap (D:6)
  3 orc wizards
  A hound zombie (Ossuary)
  3 mummies (Ossuary)
  6 adders
  2 river rats (D:3)
  A shadow imp (D:6)
  A white imp (D:5)
  3 adder zombies (Ossuary)
  2 worms
  2 dart slugs (D:1)
  4 orcs
  8 ball pythons
  3 endoplasms
  6 giant cockroaches
  A gnoll zombie (Ossuary)
  5 goblins
  3 hobgoblins
  A quokka (D:2)
  5 bats
  A frilled lizard (D:2)
  3 goblin zombies (Ossuary)
  4 hobgoblin zombies
  7 jackal zombies (Ossuary)
  14 kobolds
  2 kobold zombies
  3 orc skeletons
  2 orc zombies
  6 quokka zombies (Ossuary)
  13 rats
  4 rat zombies (Ossuary)
141 creatures vanquished.

Vanquished Creatures (collateral kills)
  A wyvern (D:7)
  A bullfrog (D:7)
  An orc wizard (D:7)
  2 orcs (D:7)
  7 foxfires (Sewer)
12 creatures vanquished.

Vanquished Creatures (others)
  A water moccasin (D:5)
  96 foxfires
97 creatures vanquished.

Grand Total: 250 creatures vanquished

Notes
Turn   | Place    | Note
-------+----------+-------------------------------------------
     0 | D:1      | croobank the Demigod Fire Elementalist began the quest for
                  | the Orb.
     0 | D:1      | Reached XP level 1. HP: 14/14 MP: 5/5
    78 | D:1      | Reached skill level 1 in Conjurations
   490 | D:1      | Reached XP level 2. HP: 20/20 MP: 4/7
   493 | D:1      | Learned a level 2 spell: Scorch
  1081 | D:2      | Reached skill level 1 in Ranged Weapons
  1091 | D:2      | Reached XP level 3. HP: 26/26 MP: 8/8
  1440 | D:2      | Reached skill level 2 in Ranged Weapons
  1709 | D:2      | Found a runed translucent door.
  1710 | D:2      | Noticed Crazy Yiuf
  1971 | D:3      | Gained mutation: You are robust. (+10% HP) [potion of
                  | mutation]
  1971 | D:3      | Gained mutation: Your flesh is heat resistant. (rF+)
                  | [potion of mutation]
  1994 | D:2      | HP: 1/28 [something/puff of flame (4)]
  2011 | D:2      | Reached skill level 3 in Ranged Weapons
  2011 | D:2      | Reached XP level 4. HP: 4/36 MP: 2/9
  2293 | D:3      | Found a glowing drain.
  2340 | Sewer    | Entered a sewer
  2503 | Sewer    | Reached XP level 5. HP: 29/41 MP: 5/10
  2799 | Sewer    | Reached skill level 4 in Ranged Weapons
  3072 | D:3      | Learned a level 3 spell: Inner Flame
  3268 | D:3      | Found a transporter.
  3268 | D:3      | Noticed cdecastro's ghost (amateur AtWr)
  3268 | D:3      | Noticed an ogre
  3272 | D:3      | Noticed an ogre
  3300 | D:3      | Found a transporter.
  3573 | D:3      | Reached skill level 5 in Ranged Weapons
  3834 | D:4      | You fall into a shaft and drop 3 floors!
  3864 | D:7      | Found a transporter.
  3864 | D:7      | Noticed a cyclops
  3872 | D:7      | Reached XP level 6. HP: 49/49 MP: 11/11
  3991 | D:7      | Noticed a wyvern
  3998 | D:7      | Killed a wyvern
  3999 | D:7      | Reached skill level 1 in Fighting
  3999 | D:7      | Reached skill level 1 in Hexes
  4004 | D:7      | Reached XP level 7. HP: 18/57 MP: 2/13
  4597 | D:5      | Entered Level 5 of the Dungeon
  4999 | D:5      | Reached XP level 8. HP: 56/67 MP: 2/15
  5019 | D:5      | Found a sand-covered staircase.
  5029 | Ossuary  | Entered an ossuary
  6363 | D:5      | Noticed a +0 dagger
  6364 | D:5      | Noticed a +0 hand axe
  6474 | D:5      | HP: 2/69 [poisoned by a water moccasin]
  6475 | D:5      | Succumbed to a water moccasin's poison

Illustrated notes

Levels and vault maps discovered:
D:1:      amcnicky_arrival_wind_blow, layout_basic
D:2:      layout_loops_ring, uniq_crazy_yiuf_cottage
D:3:      layout_loops_cross, lemuel_doored_altar, nzn_hepliaklqana_mist_gate,
          nemelex_spade_bored_becter, portal_sewer_entry_e,
          gammafunk_ghost_smash
D:4:      layout_cave_pools, minmay_temple_entry_purple_smoke, serial_shops,
          nicolae_shop_real_fake_doors
D:5:      layout_loops_cross, dancing_weapons_uskayaw,
          nicolae_ossuary_entry_catacombs
D:6:      layout_loops_ring, nicolae_tso_besieged_by_evil,
          chequers_serial_rivers_micro_c, grunt_decor_cap, nrook_mini_backslash,
          uniq_maggie
D:7:      layout_rooms, zin_treasury, mainiacjoe_overflow_divided_tiny,
          gammafunk_ghost_arena

Skill      XL: |  1  2  3  4  5  6  7  8 |
---------------+-------------------------+-----
Conjurations   | 1 2 3 |  3.3
Stealth        | 2 3 4 |  4.0
Dodging        | 2 3 |  3.6
Spellcasting   | 2 3 |  3.5
Ranged Weapons | 1 3 5 |  5.0
Fire Magic     | 3 4 |  4.4
Fighting       | 1 2 3 |  3.0
Hexes          | 1 2 3 |  3.0

Action                     |  1- 3 |  4- 6 |  7- 9 || total
---------------------------+-------+-------+-------++-------
  Melee: Spear             |     3 |       |       ||     3
         Dagger            |     4 |    25 |   204 ||   233
         Sling             |     1 |       |       ||     1
         Punch             |       |       |     5 ||     5
         Short sword       |       |       |   199 ||   199
   Fire: Sling             |    64 |    26 |     2 ||    92
  Throw: Dart              |       |       |     1 ||     1
   Cast: Foxfire           |    15 |    41 |     4 ||    60
         Scorch            |    10 |    39 |    60 ||   109
         Inner Flame       |       |       |     1 ||     1
  Evoke: Wand              |       |       |     3 ||     3
    Use: Scroll            |     7 |     9 |     2 ||    18
         Potion            |     4 |     2 |     8 ||    14
   Stab: Sleeping          |       |     1 |     6 ||     7
 Armour: Robe              |     7 |    17 |    66 ||    90
         Skin              |       |       |    14 ||    14
  Dodge: Dodged            |    29 |    45 |   211 ||   285
